 Dungeon Crawl Stone Soup version 0.23.2-1-ga50397a (webtiles) character file.

Game seed: 6493860653930381410

151 sankara the Ruffian (level 5, -5/44 HPs)
             Began as a Ghoul Warper on May 3, 2019.
             Was an Initiate of Okawaru.
             Killed from afar by an orc wizard (11 damage)
             ... with a magic dart
             ... on level 2 of the Dungeon on May 4, 2019.
             The game lasted 00:33:22 (1808 turns).

sankara the Ruffian (Ghoul Warper)                  Turns: 1808, Time: 00:33:23

Health: -5/44      AC:  3    Str: 15    XL:     5   Next: 33%
Magic:  6/7        EV: 11    Int:  9    God:    Okawaru [......]
Gold:   127        SH:  0    Dex:  8    Spells: 4/8 levels left

rFire    . . .     SeeInvis .     - Unarmed
rCold    + . .     Gourm    .   n - +2 buckler
rNeg     + + +     Faith    .   a - +0 leather armour
rPois    ∞         Spirit   .   (no helmet)
rElec    .         Reflect  .   (no cloak)
rCorr    .         Harm     .   (no gloves)
MR       .....                  (no boots)
Stlth    +.........             (no amulet)
HPRegen  0.00/turn              (no ring)
MPRegen  0.10/turn              (no ring)

@: confused, rotting
A: rotting body, claws 1, carnivore, cold resistance 1, negative energy
resistance 3, inhibited regeneration, torment resistance, unbreathing
a: Renounce Religion


You were on level 2 of the Dungeon.
You worshipped Okawaru.
Okawaru was noncommittal.
You were not hungry.

You visited 1 branch of the dungeon, and saw 3 of its levels.

You collected 127 gold pieces.

Inventory:

Hand Weapons
 j - a +1 dagger
   (You took it off a kobold on level 1 of the Dungeon)
Missiles
 d - 5 tomahawks of dispersal {=f}
 l - 4 tomahawks (quivered)
 m - 118 stones
Armour
 a - a +0 leather armour (worn)
 n - a +2 buckler (worn)
   (You found it on level 2 of the Dungeon)
Jewellery
 i - an uncursed ring of fire {rF+, rC-}
   (You found it on level 2 of the Dungeon)
Scrolls
 b - 2 scrolls of remove curse
 c - 4 scrolls of blinking {!r}
 e - 3 scrolls of identify
 h - a scroll of amnesia {unknown}
 q - a scroll of fog
Potions
 k - a potion of agility
 r - 2 potions of heal wounds {unknown}
Comestibles
 f - 2 rations


   Skills:
 + Level 2.8 Fighting
 - Level 1.0 Throwing
 + Level 1.7 Armour
 - Level 2.0 Dodging
 + Level 1.6 Stealth
 + Level 0.5 Shields
 * Level 3.7 Unarmed Combat
 - Level 2.0 Spellcasting
 + Level 1.0 Charms
 + Level 3.0 Translocations


You had 4 spell levels left.
You knew the following spells:

 Your Spells              Type           Power        Failure   Level  Hunger
a - Blink                 Tloc           N/A          28%         2    ###....
b - Shroud of Golubria    Chrm/Tloc      #.........   38%         2    ###....

Your spell library contained the following spells:

 Spells                   Type           Power        Failure   Level  Hunger
 Gell's Gravitas          Tloc           #.........   50%         3    ####...
 Lesser Beckoning         Tloc           #.........   50%         3    ####...
 Teleport Other           Tloc           #.......     50%         3    ####...
 Passage of Golubria      Tloc           N/A          88%         4    #####..


Dungeon Overview and Level Annotations

Branches:
Dungeon (3/15)

Altars:
Okawaru

Annotations:
D:2 Robin


Innate Abilities, Weirdness & Mutations

Your body is rotting away.
You thrive on raw meat.
You are immune to poison.
You have sharp fingernails.
You are carnivorous and can eat meat at any time.
Your flesh is cold resistant. (rC+)
You are immune to negative energy. (rN+++)
You do not regenerate when monsters are visible.
You are immune to unholy pain and torment.
You can survive without breathing.


Message History

Your Translocations skill increases to level 3!
Your shroud bends something's attack away.
Eat one of 10 chunks of flesh {@w0}? (ye/n/q)
Okay, then.
Unknown command.
Eat one of 10 chunks of flesh {@w0}? (ye/n/q)
You eat one of the 10 chunks of flesh {@w0}.
This raw flesh tastes great!
You hear some strange, mumbled words.
You are confused.
Eat one of 9 chunks of flesh {@w0}? (ye/n/q)
You eat one of the 9 chunks of flesh {@w0}.
This raw flesh tastes great!
Something hits you.
Eat one of 8 chunks of flesh {@w0}? (ye/n/q)
You eat one of the 8 chunks of flesh {@w0}.
This raw flesh tastes great!
Your shroud bends something's attack away.
Eat one of 7 chunks of flesh {@w0}? (ye/n/q)
You eat one of the 7 chunks of flesh {@w0}.
This raw flesh tastes great!
Something hits you.
Your shroud falls apart!
Eat one of 6 chunks of flesh {@w0}? (ye/n/q)
You eat one of the 6 chunks of flesh {@w0}.
This raw flesh tastes great!
Something hits you but does no damage.
Eat one of 5 chunks of flesh {@w0}? (ye/n/q)
You eat one of the 5 chunks of flesh {@w0}.
This raw flesh tastes great!
Something hits you.
Eat one of 4 chunks of flesh {@w0}? (ye/n/q)
You eat one of the 4 chunks of flesh {@w0}.
This raw flesh tastes great!
You feel less confused. You block something's attack.
Eat one of 3 chunks of flesh {@w0}? (ye/n/q)
You eat one of the 3 chunks of flesh {@w0}.
This raw flesh tastes great!
Something hits you but does no damage.
You miss something. Something hits you.
You scratch something. Something hits you.
You miss something. Something hits you.
You scratch something. Something hits you.
You scratch something. Something completely misses you.
You barely miss something. Something completely misses you.
You claw something! Something hits you.
Casting: Shroud of Golubria (safe; 38% risk of failure)
Confirm with . or Enter, or press ? or * to list all spells.
Space distorts slightly along a thin shroud covering your body.
Something hits you.
Eat one of 2 chunks of flesh {@w0}? (ye/n/q)
You eat one of the 2 chunks of flesh {@w0}.
This raw flesh tastes great!
You hear some strange, mumbled words.
You are confused.
You miss something. Something hits you.
Your shroud falls apart!
You miss something. Something hits you.
You bump into the rock wall.
Something hits you.
You barely miss something.
You hear some strange, mumbled words.
Something tries to affect you, but you resist.
You bump into the rock wall.
Something hits you but does no damage.
You scratch something but do no damage.
You hear some strange, mumbled words.
A puff of flame appears from out of thin air!
The puff of flame hits you!
* * * LOW HITPOINT WARNING * * *
You bump into the rock wall.
Something hits you but does no damage.
You bump into the rock wall.
You feel less confused. Something hits you.
* * * LOW HITPOINT WARNING * * *
You miss something.
Unknown command.
Eat a chunk of flesh {@w0}? (ye/n/q)
You eat the chunk of flesh {@w0}.
This raw flesh tastes great!
You block something's attack.
You see here an orc corpse.
You butcher the orc corpse.
An orc wizard appears from thin air!
Reactivating autopickup.
The orc wizard hits you with a +1 dagger of protection.
* * * LOW HITPOINT WARNING * * *
Things that are here:
2 chunks of flesh {@w0}; an orc skeleton Unknown command.
You miss the orc wizard.
The orc wizard is severely wounded.
The orc wizard points at you and mumbles some strange words.
You are confused.
Eat one of 2 chunks of flesh {@w0}? (ye/n/q)
You eat one of the 2 chunks of flesh {@w0}.
This raw flesh tastes great!
The orc wizard barely misses you.
Eat a chunk of flesh {@w0}? (ye/n/q)
You eat the chunk of flesh {@w0}.
This raw flesh tastes great!
The orc wizard barely misses you.
You bump into the rock wall.
The orc wizard points at you and mumbles some strange words.
The puff of flame hits you!
* * * LOW HITPOINT WARNING * * *
You bump into the rock wall.
The orc wizard gestures at you while chanting.
The magic dart hits you!
You die...

#........# #.# #.#.#
#..####### #.# #.#.#
##..# #.# #.#.# ....#
#.######.#.# ###.#
#........#.#### ###.##
################...(##
.....# #.......#
####.##..## ##...#
#.#####o# #.........#
.....# #.# #@#
#.#.♣.♣.#.#
##...#####.# #.#
#.........#
...........# #.#
#.♣.♣.♣.♣.##
##...####### #.#
#...._.....# ##.## #.#
#.♣.♣.♣.♣..# #.###
##.## ##..........#
#...# #..<#
#..#.♣.♣.#..# ###.#.##
###...###............
.......##
#.........####..#####


You could see an orc wizard.

Vanquished Creatures
  An orc priest (D:2)
  Natasha (D:2)
  4 adders (D:2)
  2 worms (D:2)
  2 dart slugs (D:1)
  A leopard gecko (D:2)
  4 giant cockroaches
  7 hobgoblins
  3 jackals (D:1)
  6 bats
  4 frilled lizards
  9 goblins
  6 kobolds
  2 rats
52 creatures vanquished.

Notes
Turn   | Place    | Note
-------+----------+-------------------------------------------
     0 | D:1      | sankara the Ghoul Warper began the quest for the Orb.
     0 | D:1      | Reached XP level 1. HP: 17/17 MP: 2/2
    13 | D:1      | Reached skill level 1 in Throwing
    15 | D:1      | Reached skill level 1 in Armour
    55 | D:1      | Reached XP level 2. HP: 23/24 MP: 3/3
    61 | D:1      | Learned a level 2 spell: Blink
    64 | D:1      | Learned a level 2 spell: Shroud of Golubria
   213 | D:1      | Reached skill level 2 in Dodging
   363 | D:1      | Reached skill level 1 in Stealth
   430 | D:1      | Reached XP level 3. HP: 30/30 MP: 1/4
   685 | D:1      | Reached skill level 3 in Unarmed Combat
   763 | D:2      | Found an iron altar of Okawaru.
   769 | D:2      | Became a worshipper of Warmaster Okawaru
   946 | D:2      | Reached XP level 4. HP: 30/37 MP: 3/5
  1326 | D:2      | Noticed Robin
  1411 | D:2      | Noticed Natasha
  1423 | D:2      | Killed Natasha
  1423 | D:2      | Reached skill level 2 in Spellcasting
  1580 | D:2      | Reached XP level 5. HP: 42/42 MP: 7/7
  1774 | D:2      | Reached skill level 1 in Charms
  1774 | D:2      | Reached skill level 3 in Translocations
  1799 | D:2      | HP: 10/44 [something (3)]
  1807 | D:2      | HP: 6/44 [orc wizard/puff of flame (9)]
  1808 | D:2      | Killed from afar by an orc wizard

Skill      XL: |  1  2  3  4  5 |
---------------+----------------+-----
Throwing       | 1 |  1.0
Armour         | 1 |  1.7
Dodging        | 2 |  2.0
Stealth        | 1 |  1.6
Unarmed Combat | 3 |  3.7
Spellcasting   | 2 |  2.0
Charms         | 1 |  1.0
Translocations | 3 |  3.0
Fighting       | |  2.8
Shields        | |  0.5

Action                   |  1- 3 |  4- 6 || total
-------------------------+-------+-------++-------
Melee: Unarmed           |   120 |   121 ||   241
 Cast: Shroud of Golubri |     3 |     9 ||    12
  Use: Scroll            |       |     7 ||     7
 Stab: Sleeping          |       |     1 ||     1
  Eat: Chunk             |    26 |    29 ||    55
Armor: Leather armour    |    22 |    13 ||    35
Dodge: Dodged            |    74 |    51 ||   125
Block: Buckler           |       |    26 ||    26

Levels and vault maps discovered:
D:1:      dpeg_arrival_stonehenge_12_columns, layout_loops_ring
D:2:      layout_loops_ring, okawaru_trees_1, minmay_close_crescents,
          uniq_natasha, uniq_robin
D:3:      lemuel_castle_with_subvaults [lemuel_castle_interior_original],
          layout_basic, nicolae_ru_sacrificial_ziggurat

Table legend:
 A = Turns spent in this place as a percentage of turns spent in the entire game.
 B = Non-inter-level travel turns spent in this place as a percentage of non-inter-level travel turns spent in the entire game.
 C = Inter-level travel turns spent in this place as a percentage of turns spent in this place.
 D = Turns resting spent in this place as a percentage of non-inter-level travel turns spent in this place.
 E = Turns spent auto-exploring this place as a percentage of non-inter-level travel turns spent in this place.
 F = Non-inter-level travel turns spent in this place divided by the number of levels of this place that you've seen.
                   A       B       C       D       E      F
               +-------+-------+-------+-------+-------+----------------------
         Total | 100.0 | 100.0 |   4.3 |   4.7 |  57.3 | 576.7
       Dungeon | 100.0 | 100.0 |   4.3 |   4.7 |  57.3 | 576.7
               +-------+-------+-------+-------+-------+----------------------

Table legend:
 A = Kills in this place as a percentage of kills in entire the game.
 B = Kills by you in this place as a percentage of kills by you in the entire game.
 C = Kills by friends in this place as a percentage of kills by friends in the entire game.
 D = Other kills in this place as a percentage of other kills in the entire game.
 E = Experience gained in this place as a percentage of experience gained in the entire game.
 F = Experience gained in this place divided by the number of levels of this place that you have seen.
                   A       B       C       D       E      F
               +-------+-------+-------+-------+-------+----------------------
         Total | 100.0 | 100.0 |   N/A |   N/A | 100.0 |  72.0
       Dungeon | 100.0 | 100.0 |   N/A |   N/A | 100.0 |  72.0
               +-------+-------+-------+-------+-------+----------------------
